 Dungeon Crawl Stone Soup version 0.28-a0-1412-gf95308ed99 (webtiles) character file.

Game seed: 829061628963669427

44 oldriver the Digger (level 3, 0/28 HPs)
             Began as a Demigod Earth Elementalist on Jan 7, 2022.
             Slain by a jackal (1 damage)
             ... on level 2 of the Dungeon.
             The game lasted 00:02:13 (2437 turns).

oldriver the Digger (Demigod Earth Elementalist)    Turns: 2437, Time: 00:02:14

Health: 0/28       AC:  2    Str:  9    XL:     3   Next: 22%
Magic:  9/9        EV: 12    Int: 21    God:
Gold:   39         SH:  0    Dex: 14    Spells: 3/6 levels left

rFire   . . .      SeeInvis .   d - +0 short sword
rCold   . . .      Faith    .   (no shield)
rNeg    . . .      Spirit   .   b - +0 robe
rPois   .          Reflect  .   (no helmet)
rElec   .          Harm     .   (no cloak)
rCorr   .          Rampage  .   (no gloves)
Will    .....                   (no boots)
Stlth   ++........              (no amulet)
HPRegen 0.09/turn               (no ring)
MPRegen 0.11/turn               (no ring)

@: no status effects
A: high mp 1, forlorn, divine attributes
a: no special abilities


You were on level 2 of the Dungeon.
You visited 1 branch of the dungeon, and saw 2 of its levels.

You collected 39 gold pieces.

Inventory:

Hand Weapons
 d - a +0 short sword (weapon)
Armour
 b - a +0 robe (worn)
Scrolls
 a - 2 scrolls of identify
 e - a scroll of enchant armour


   Skills:
 + Level 1.4 Fighting
 - Level 1.7 Dodging
 - Level 1.7 Stealth
 + Level 2.3 Spellcasting
 - Level 0.8 Transmutations
 + Level 3.2 Earth Magic


You had 3 spell levels left.
You knew the following spells:

 Your Spells              Type           Power      Damage    Failure   Level
a - Sandblast             Erth           32%        2d9       3%          1
b - Passwall              Tmut/Erth      9%         N/A       10%         2

Your spell library contained the following spells:

 Spells                   Type           Power      Damage    Failure   Level
 Beastly Appendage        Tmut           12%        N/A       10%         1
 Animate Skeleton         Necr           4%         N/A       14%         1
 Apportation              Tloc           4%         N/A       14%         1
 Summon Small Mammal      Summ           8%         N/A       14%         1
 Wereblood                Tmut           6%         N/A       16%         2
 Stone Arrow              Conj/Erth      18%        3d8       22%         3
 Spider Form              Tmut/Pois      4%         N/A       34%         3
 Ignite Poison            Fire/Tmut/Pois 3%         N/A       36%         3
 Mephitic Cloud           Conj/Pois/Air  2%         N/A       38%         3
 Petrify                  Tmut/Erth      11%        N/A       52%         4
 Freezing Cloud           Conj/Ice/Air   1%         6-21      98%         5


Dungeon Overview and Level Annotations

Branches:
Dungeon (2/15)

Shops:
D:1 (*


Innate Abilities, Weirdness & Mutations

You have an increased reservoir of magic. (+10% MP)
You shall have no god before yourself.
Your divine heritage dramatically boosts your attributes as you level up.


Message History

The jackal bites you. The jackal closely misses you. The jackal bites you.
* * * LOW HITPOINT WARNING * * *
The dart slug bites you.
* * * LOW HITPOINT WARNING * * *
You hit the dart slug.
The dart slug is severely wounded.
The jackal closely misses you. The jackal barely misses you.
The jackal closely misses you. The jackal misses you.
The jackal closely misses you. The jackal completely misses you.
Unknown command.
The jackal misses you. The jackal bites you.
* * * LOW HITPOINT WARNING * * *
The jackal bites you.
* * * LOW HITPOINT WARNING * * *
The jackal closely misses you.
You closely miss the jackal.
The jackal is moderately wounded.
The jackal barely misses you. x2; The jackal closely misses you.
The jackal barely misses you.
As you read the scroll labelled BEOXOC ZITWUGY, it crumbles to dust.
It is a scroll of identify.
e - a scroll of enchant armour The jackal bites you but does no damage. x2
The jackal misses you. The jackal closely misses you. x2
You aren't carrying any potions.
You hit the jackal.
The jackal is almost dead.
The jackal barely misses you. The jackal closely misses you.
The jackal bites you.
* * * LOW HITPOINT WARNING * * *
The jackal closely misses you.
Sorry, you're not good enough to have a special ability.
You closely miss the jackal.
The jackal is almost dead.
The jackal barely misses you.
The jackal bites you but does no damage.
The jackal misses you. The jackal bites you.
* * * LOW HITPOINT WARNING * * *
The jackal bites you.
You die...

†......... .
.......... . ........
. ........ .......
.###### ###+...
......... ...
......... #####.....$.
#@hw........ #
#hh......#########
#........#........
...##......###........
......................
......................
......................
............$.........
......................


You could see a dart slug and 3 jackals.

Vanquished Creatures
  3 dart slugs (D:1)
  6 ball pythons
  5 endoplasms
  3 goblins
  2 hobgoblins (D:1)
  3 jackals (D:1)
  3 quokkas
  2 bats
  3 frilled lizards (D:1)
  2 kobolds
  4 rats
36 creatures vanquished.

Notes
Turn   | Place    | Note
-------+----------+-------------------------------------------
     0 | D:1      | oldriver the Demigod Earth Elementalist began the quest for
                  | the Orb.
     0 | D:1      | Reached XP level 1. HP: 14/14 MP: 5/5
   207 | D:1      | Reached XP level 2. HP: 16/22 MP: 0/7
   453 | D:1      | Reached skill level 3 in Earth Magic
   605 | D:1      | Reached skill level 1 in Fighting
   745 | D:1      | Found Qorul's Antique Weapon Emporium.
  1168 | D:1      | Learned a level 2 spell: Passwall
  1397 | D:1      | Found Utiugush's Assorted Antiques.
  2010 | D:2      | Reached XP level 3. HP: 28/28 MP: 7/9
  2437 | D:2      | HP: 1/28 [jackal (2)]
  2437 | D:2      | Slain by a jackal

Illustrated notes

Levels and vault maps discovered:
D:1:      mushboom_english_gardens, layout_loops_ring, serial_shops, shop,
          nicolae_shop_window_shopping, minmay_pentomino_o2
D:2:      layout_basic

Skill      XL: |  1  2 |
---------------+-------+-----
Spellcasting   | 2 |  2.3
Earth Magic    | 3 |  3.2
Fighting       | 1 |  1.4
Dodging        | |  1.7
Stealth        | |  1.7
Transmutations | |  0.8

Action                   || total
-------------------------++-------
Melee: Short sword       ||    77
       Unarmed           ||    13
 Cast: Sandblast         ||    30
  Use: Scroll            ||     1
 Stab: Sleeping          ||     2
Armor: Robe              ||    32
Dodge: Dodged            ||    97

Table legend: (Time is in decaauts)
 A = Elapsed time spent in this place.
 B = Non-inter-level travel time spent in this place.
 C = Inter-level travel time spent in this place.
 D = Time resting spent in this place.
 E = Time spent auto-exploring this place.
 F = Levels seen in this place.
 G = Mean time per level.
                   A        B        C        D        E       F      G
               +--------+--------+--------+--------+--------+-----+--------+
         Total |   2443 |   2433 |     10 |   1076 |   1020 |   2 | 1221.5 |
       Dungeon |   2443 |   2433 |     10 |   1076 |   1020 |   2 | 1221.5 |
               +--------+--------+--------+--------+--------+-----+--------+

Top non-repeatable levels by time:
     D:1: 1949 daAuts
     D:2: 494 daAuts
